 Dungeon Crawl Stone Soup version 0.28-a0-1560-g060a6a1bfc (webtiles) character file.

Game seed: 2437215197463538426

51 Lekart the Chopper (level 3, -1/29 HPs)
             Began as a Draconian Chaos Knight on Jan 19, 2022.
             Was a Plaything of Xom.
             Slain by a hobgoblin (3 damage)
             ... on level 2 of the Dungeon.
             The game lasted 00:02:25 (1558 turns).

Lekart the Chopper (Draconian Chaos Knight)         Turns: 1558, Time: 00:02:25

Health: -1/29      AC:  5    Str: 14    XL:     3   Next: 57%
Magic:  3/3        EV: 12    Int: 10    God:    Xom [...*..]
Gold:   70         SH:  4    Dex: 12    Spells: 2/2 levels left

rFire   + . .      SeeInvis .   a - +0 hand axe (chaos)
rCold   . . .      Faith    .   (no shield)
rNeg    . . .      Spirit   .   (armour unavailable)
rPois   .          Reflect  .   (helmet restricted)
rElec   .          Harm     .   (no cloak)
rCorr   .          Rampage  .   (no gloves)
Will    .....                   (no boots)
Stlth   +.........              (no amulet)
HPRegen 0.09/turn               c - ring of protection from fire
MPRegen 0.08/turn               (no ring)

@: flying
A: AC +5, unfitting armour, cold-blooded, big wings, large bone plates 1, dopey
1, frail 1
a: Renounce Religion


You were on level 2 of the Dungeon.
You worshipped Xom.
You were a favourite toy of Xom.
You visited 1 branch of the dungeon, and saw 2 of its levels.

You collected 70 gold pieces.

Inventory:

Hand Weapons
 a - a +0 hand axe of chaos (weapon)
Jewellery
 c - a ring of protection from fire (left hand)
Scrolls
 e - a scroll of enchant armour {unknown}
Potions
 b - 2 potions of lignification {unknown}
 d - a potion of haste


   Skills:
 + Level 3.8 Fighting
 + Level 4.0 Axes
 + Level 2.4 Dodging
 + Level 0.1 Stealth


You had 2 spell levels left.
You didn't know any spells.
Your spell library was empty.

Dungeon Overview and Level Annotations

Branches:
Dungeon (2/15)

Altars:


Innate Abilities, Weirdness & Mutations

Your plain brown scales are hard. (AC +5)
You cannot fit into any form of body armour.
You are cold-blooded and may be slowed by cold attacks.
Your large and strong wings let you fly.
You are partially covered in large bone plates. (SH +4)
You are dopey. (Int -2)
You are frail. (-10% HP)


Message History

The ball python hisses angrily.
You hit the jumping spider but do no damage.
You barely miss the kobold.
Your trail of clouds dissipates.
Your quokka zombie closely misses the kobold.
The jumping spider pounces on you.
* * * LOW HITPOINT WARNING * * *
The jumping spider bites you.
* * * LOW HITPOINT WARNING * * *
Your quokka zombie barely misses the kobold.
The jumping spider misses you. The jumping spider bites you.
* * * LOW HITPOINT WARNING * * *
The kobold is engulfed in seething chaos.
The kobold seems to grow stronger.
You block the kobold's attack.
As you read the scroll of teleportation, it crumbles to dust.
You feel strangely unstable.
Your quokka zombie closely misses the kobold.
The jumping spider barely misses you. x2
The kobold is engulfed in seething chaos.
The kobold evaporates and reforms as an orc!
The orc picks up a +0 dagger.
The orc wields a +0 dagger.
Your quokka zombie barely misses the orc.
The jumping spider leaps!
Your quokka zombie closely misses the orc.
Your surroundings suddenly seem different.
A bat, a hobgoblin and a goblin come into view.
Found a stone staircase leading down.
The hobgoblin shouts!
The goblin shouts!
The bat barely misses you. The bat closely misses you.
A goblin comes into view. It is wielding a staff of conjuration.
You block the bat's attack. The hobgoblin hits you.
* * * LOW HITPOINT WARNING * * *
The goblin shouts!
The bat barely misses you.
There is a stone staircase leading down here.
You barely miss the hobgoblin. You tail-slap the hobgoblin.
The hobgoblin is moderately wounded.
You closely miss the bat. The bat misses you. The hobgoblin hits you.
You die...

# ......#.#
#.........## .
..........#
..##.......g.#
......^.....#
#..........# #
#........g.##..
#.....b.......
#....@g....#
##.........#
#.........#
#########.# ..
##


You could see a hobgoblin, 2 goblins and a bat.

Vanquished Creatures
  A worm (D:2)
  2 dart slugs
  3 ball pythons
  4 endoplasms
  5 goblins
  4 hobgoblins (D:1)
  4 jackals (D:1)
  3 quokkas
  5 bats
  A frilled lizard (D:1)
  3 kobolds (D:1)
  4 rats
39 creatures vanquished.

Notes
Turn   | Place    | Note
-------+----------+-------------------------------------------
     0 | D:1      | Lekart the Draconian Chaos Knight began the quest for the
                  | Orb.
     0 | D:1      | Reached XP level 1. HP: 19/19 MP: 1/1
   254 | D:1      | Reached XP level 2. HP: 21/26 MP: 2/2
   257 | D:1      | XOM: silly message
   493 | D:1      | XOM: silly message
   726 | D:1      | Found a faded altar of an unknown god.
   737 | D:1      | Reached XP level 3. HP: 25/31 MP: 3/3
   834 | D:1      | Noticed a shapeshifter
   834 | D:1      | a quokka changed into a shapeshifter
   834 | D:1      | Noticed a jumping spider
   834 | D:1      | a shapeshifter changed into a jumping spider
   839 | D:1      | XOM: enchant monster (bad)
   842 | D:1      | XOM: summons friendly shadow imp
  1084 | D:1      | XOM: give mutations
  1084 | D:1      | Gained mutation: You are dopey. (Int -2) [Xom's mischief]
  1084 | D:1      | Gained mutation: You are partially covered in large bone
                  | plates. (SH +4) [Xom's mischief]
  1084 | D:1      | Gained mutation: Your large and strong wings let you fly.
                  | [Xom's mischief]
  1084 | D:1      | Gained mutation: You are frail. (-10% HP) [Xom's mischief]
  1161 | D:1      | Noticed a fire crab
  1162 | D:1      | Noticed a moth of wrath
  1162 | D:1      | a fire crab changed into a moth of wrath
  1163 | D:1      | Noticed an elephant
  1163 | D:1      | a moth of wrath changed into an elephant
  1379 | D:2      | Reached skill level 4 in Axes
  1450 | D:2      | XOM: cloud trail
  1548 | D:2      | Noticed a shapeshifter
  1548 | D:2      | a worm changed into a shapeshifter
  1548 | D:2      | Noticed a jumping spider
  1548 | D:2      | a shapeshifter changed into a jumping spider
  1558 | D:2      | Slain by a hobgoblin

Illustrated notes

Levels and vault maps discovered:
D:1:      dpeg_arrival_morbid_curiosity, layout_loops_ring,
          chequers_ecumenical_altar_island
D:2:      layout_basic

Skill      XL: |  1  2  3 |
---------------+----------+-----
Axes           | 4 |  4.0
Fighting       | |  3.8
Dodging        | |  2.4
Stealth        | |  0.1

Action                   || total
-------------------------++-------
Melee: Hand axe          ||   111
       Tailslap          ||     8
       Punch             ||     2
  Use: Scroll            ||     3
       Potion            ||     1
 Stab: Sleeping          ||     2
       Distracted        ||     1
Armor: Skin              ||    48
Dodge: Dodged            ||    86
Block: Other             ||     8

Table legend: (Time is in decaauts)
 A = Elapsed time spent in this place.
 B = Non-inter-level travel time spent in this place.
 C = Inter-level travel time spent in this place.
 D = Time resting spent in this place.
 E = Time spent auto-exploring this place.
 F = Levels seen in this place.
 G = Mean time per level.
                   A        B        C        D        E       F      G
               +--------+--------+--------+--------+--------+-----+--------+
         Total |   1557 |   1557 |      0 |    175 |   1067 |   2 |  778.5 |
       Dungeon |   1557 |   1557 |      0 |    175 |   1067 |   2 |  778.5 |
               +--------+--------+--------+--------+--------+-----+--------+

Top non-repeatable levels by time:
     D:1: 1170 daAuts
     D:2: 387 daAuts
